 Dungeon Crawl Stone Soup version 0.23.2-33-g5129a83184 (webtiles) character file.

Game seed: 12297512557886032868

294 MalarOregon the Magician (level 6, -1/42 (45) HPs)
             Began as a Ghoul Wizard on July 15, 2019.
             Slain by an ogre
             ... wielding a +0 giant club
              (30 damage)
             ... on level 5 of the Dungeon.
             The game lasted 00:14:08 (6189 turns).

MalarOregon the Magician (Ghoul Wizard)             Turns: 6189, Time: 00:14:09

HP:   -1/42 (45)    AC:  2    Str: 11    XL:     6   Next: 34%
MP:   11/11         EV: 12    Int: 15    God:
Gold: 229           SH:  0    Dex: 10    Spells: 5/13 levels left

rFire    + + .     SeeInvis .   k - +9 hunting sling "Hydra's Undoing" {velocity, rF++ rC+ MR- Dex+3}
rCold    + + .     Gourm    .   (no shield)
rNeg     + + +     Faith    .   a - +0 robe
rPois    ∞         Spirit   .   b - +0 hat
rElec    .         Reflect  .   (no cloak)
rCorr    .         Harm     .   (no gloves)
MR       .....                  (no boots)
Stlth    ++........             (no amulet)
HPRegen  0.00/turn              (no ring)
MPRegen  0.12/turn              (no ring)

@: rotting
A: rotting body, claws 1, carnivore, cold resistance 1, negative energy
resistance 3, inhibited regeneration, torment resistance, unbreathing
a: no special abilities


You were on level 5 of the Dungeon.
You were hungry.

You visited 2 branches of the dungeon, and saw 6 of its levels.

You collected 229 gold pieces.

Inventory:

Hand Weapons
 k - the +9 hunting sling "Hydra's Undoing" (weapon) {velocity, rF++ rC+ MR- Dex+3}
   (You found it on level 4 of the Dungeon)

   Any stone fired from it inflicts extra damage.
   It affects your dexterity (+3).
   It greatly protects you from fire.
   It protects you from cold.
   It affects your resistance to hostile enchantments.
 o - a +5 falchion of freezing
   (You took it off an orc on level 4 of the Dungeon)
 q - a +0 war axe of draining
   (You found it on level 4 of the Dungeon)
Missiles
 l - 49 sling bullets (quivered)
Armour
 a - a +0 robe (worn)
 b - a +0 hat (worn)
 r - a +0 buckler of protection
   (You found it on level 4 of the Dungeon)
Scrolls
 c - 6 scrolls of identify {unknown}
 d - 3 scrolls of teleportation {unknown}
 g - 4 scrolls of enchant armour {unknown}
 i - a scroll of immolation {unknown}
 m - 2 scrolls of blinking {unknown}
 n - a scroll of random uselessness {unknown}
Potions
 f - a potion of cancellation {unknown}
 h - 4 potions of curing {unknown}
 j - a potion of flight {unknown}
 p - a potion of degeneration {unknown}
Comestibles
 e - 4 rations {!d}


   Skills:
 - Level 1.7 Dodging
 - Level 2.1 Stealth
 - Level 4.0 Spellcasting
 + Level 1.8 Conjurations
 + Level 2.1 Summonings
 + Level 2.1 Translocations
 + Level 1.4 Air Magic
 + Level 2.0 Poison Magic


You had 5 spell levels left.
You knew the following spells:

 Your Spells              Type           Power        Failure   Level  Hunger
a - Magic Dart            Conj           #...         9%          1    None
b - Blink                 Tloc           N/A          12%         2    ##.....
f - Mephitic Cloud        Conj/Pois/Air  #.......     26%         3    ###....
x - Call Imp              Summ           #.......     12%         2    ##.....

Your spell library contained the following spells:

 Spells                   Type           Power        Failure   Level  Hunger
 Slow                     Hex            #.......     26%         2    ##.....
 Conjure Flame            Conj/Fire      #.......     36%         3    ###....


Dungeon Overview and Level Annotations

Branches:
Dungeon (5/15)             Temple (1/1) D:4

Altars:
Ashenzari
Cheibriados
Dithmenos
Gozag
Hepliaklqana
Makhleb
Nemelex Xobeh
Okawaru
Qazlal
Ru
Sif Muna
Trog
Uskayaw
Vehumet
Wu Jian
Xom
Yredelemnul
Zin
The Shining One


Innate Abilities, Weirdness & Mutations

Your body is rotting away.
You thrive on raw meat.
You are immune to poison.
You have sharp fingernails.
You are carnivorous and can eat meat at any time.
Your flesh is cold resistant. (rC+)
You are immune to negative energy. (rN+++)
You do not regenerate when monsters are visible.
You are immune to unholy pain and torment.
You can survive without breathing.


Message History

There is an escape hatch in the floor here.
You open the door.
There is an open door here.
You open the door.
There is an open door here.
You open the door.
Found a stone staircase leading down.
There is an open door here.
There is an open door here.
You see here 12 arrows.
You open the door.
Found a deep blue altar of Sif Muna.
There is an open door here.
You enter the shallow water.
Moving in this stuff is going to be slow.
There is an open door here.
You see here 12 arrows.
You feel your flesh rotting away.
There is an open door here.
There is a glowing golden altar of the Shining One here.
There is an open door here.
There is an escape hatch in the floor here.
Key pressed, stopping explore.
You see here 16 stones.
You see here 4 large rocks.
You are feeling hungry.
There is a stone staircase leading down here.
You open the door.
There is an open door here.
Done exploring.
Done exploring.
Done exploring.
Done exploring.
There is a stone staircase leading down here.
You climb downwards.
You hear the sound of rushing water.
There is an entrance to a sewer on this level.
Hurry and find it before the portal rusts away!
An ogre comes into view. It is wielding a +0 giant club.
The ogre shouts!
There is a stone staircase leading up here.
Firing (i - inventory)
l - 51 sling bullets (quivered)
Aim: an ogre, wielding a +0 giant club You shoot a sling bullet.
The sling bullet hits the ogre!
The ogre hits you with a +0 giant club!
Firing (i - inventory)
l - 50 sling bullets (quivered)
Aim: an ogre, wielding a +0 giant club (heavily wounded)
You shoot a sling bullet. The sling bullet hits the ogre!
The ogre hits you with a +0 giant club!!
Ouch! That really hurt!
You die...

... #.#
#.# #.#
#.# #.#
#.# #@#
#....O.#
#.######


You could see an ogre.

Vanquished Creatures
  Sigmund (D:2)
  3 adders
  An ooze (D:2)
  A worm (D:2)
  A leopard gecko (D:1)
  An orc (D:4)
  9 bats
  A giant cockroach (D:1)
  9 goblins
  7 hobgoblins
  3 jackals (D:1)
  3 kobolds
  2 quokkas (D:4)
  A frilled lizard (D:1)
  A leopard gecko zombie (D:3)
  10 rats
54 creatures vanquished.

Vanquished Creatures (collateral kills)
  A howler monkey (D:4)
  A hound (D:4)
  An orc priest (D:3)
  2 adders
  2 worms (D:2)
  3 orcs (D:3)
  A goblin (D:3)
  A quokka (D:3)
  A ball python (D:3)
13 creatures vanquished.

Grand Total: 67 creatures vanquished

Notes
Turn   | Place    | Note
-------+----------+-------------------------------------------
     0 | D:1      | MalarOregon the Ghoul Wizard began the quest for the Orb.
     0 | D:1      | Reached XP level 1. HP: 14/14 MP: 3/3
   146 | D:1      | Reached skill level 3 in Spellcasting
   408 | D:1      | Reached XP level 2. HP: 2/20 MP: 0/5
  1332 | D:1      | Reached XP level 3. HP: 19/25 MP: 0/7
  1712 | D:2      | Learned a level 2 spell: Blink
  1715 | D:2      | Learned a level 2 spell: Call Imp
  1719 | D:2      | Learned a level 3 spell: Mephitic Cloud
  1768 | D:2      | Reached skill level 1 in Summonings
  1966 | D:2      | Reached skill level 1 in Translocations
  2048 | D:2      | Noticed Sigmund
  2483 | D:2      | Noticed a moth of wrath
  2486 | D:2      | Found a bloodstained altar of Trog.
  2751 | D:2      | Killed Sigmund
  2751 | D:2      | Reached skill level 1 in Conjurations
  2751 | D:2      | Reached skill level 1 in Air Magic
  2751 | D:2      | Reached skill level 1 in Poison Magic
  2751 | D:2      | Reached XP level 4. HP: 13/32 MP: 1/8
  2751 | D:2      | Reached XP level 5. HP: 15/37 MP: 1/9
  3112 | D:2      | Reached skill level 4 in Spellcasting
  3831 | D:3      | You fall through a shaft!
  3850 | D:4      | Got a slimy hunting sling
  3853 | D:4      | Found a staircase to the Ecumenical Temple.
  3887 | Temple   | Entered the Ecumenical Temple
  4408 | D:4      | Found a sparkling altar of Nemelex Xobeh.
  4408 | D:4      | Found a glowing golden altar of the Shining One.
  4420 | D:4      | Reached XP level 6. HP: 15/43 MP: 5/11
  4788 | D:3      | Found an opulent altar of Gozag.
  5479 | D:3      | Identified the +9 hunting sling "Hydra's Undoing"
                  | {velocity, rF++ rC+ MR- Dex+3} (You found it on level 4 of
                  | the Dungeon)
  5723 | D:4      | Found a hazy altar of Hepliaklqana.
  6112 | D:4      | Found a deep blue altar of Sif Muna.
  6187 | D:5      | Entered Level 5 of the Dungeon
  6189 | D:5      | Slain by an ogre

Skill      XL: |  1  2  3  4  5  6 |
---------------+-------------------+-----
Spellcasting   | 3 4 |  4.0
Summonings     | 1 2 |  2.1
Translocations | 1 2 |  2.1
Conjurations   | 1 |  1.8
Air Magic      | 1 |  1.4
Poison Magic   | 1 2 |  2.0
Dodging        | |  1.7
Stealth        | |  2.1

Action                   |  1- 3 |  4- 6 || total
-------------------------+-------+-------++-------
Melee: Unarmed           |    80 |   126 ||   206
 Fire: Hunting sling     |       |     3 ||     3
 Cast: Magic Dart        |    71 |    34 ||   105
       Call Imp          |    17 |    12 ||    29
       Mephitic Cloud    |     1 |     4 ||     5
  Eat: Chunk             |     9 |    12 ||    21
Armor: Robe              |    16 |    19 ||    35
Dodge: Dodged            |    48 |   109 ||   157
